[Event "Icelandic Open 2019"]
[Site "Akureyri"]
[Date "2019.05.25"]
[Round "1.1"]
[White "Sokolov, Ivan"]
[Black "Ruelland, Geoffrey"]
[Result "1-0"]
[ECO "D03"]
[WhiteElo "2593"]
[BlackElo "1955"]
[Annotator "RC"]
[PlyCount "73"]
[EventDate "2019.05.25"]
[EventType "swiss"]
[EventCountry "ISL"]
[SourceTitle "playchess.com"]
[Source "ChessBase"]
[SourceQuality "1"]
[TimeControl "40/5400+30:1800+30"]

1. d4 Nf6 2. Nf3 g6 3. Bg5 Ne4 4. Bh4 Bg7 5. e3 d5 6. Bd3 c5 7. O-O Nc6 8. c3 O-O 9. Na3 Bg4 10. Be2 Qb6 11. Rb1 Rad8 12. Nc2 Rd7 13. h3 Bf5 14. dxc5 Nxc5 15. Nfd4 Be4 16. f3 Bxc2 17. Nxc2 e5 18. Na3 Ne6 19. Bf2 Rfd8 20. Qe1 Bh6 21. Bd3 e4 22. fxe4 dxe4 23. Bxe4 Ne5 24. Bc2 Rd2 25. Kh1 Qc6 26. Rd1 Rxd1 27. Bxd1 Ng5 28. Bh4 Rd7 29. Qg3 f6 30. Bb3+ Kg7 31. Nc2 Ne4 32. Qh2 Rd2 33. Be1 Rd6 34. Bg3 Nxg3+ 35. Qxg3 Rd3 36. Nd4 Qd6 37. Nf5+ 1-0

[Event "Icelandic Open 2019"]
[Site "Akureyri"]
[Date "2019.05.25"]
[Round "1.3"]
[White "Stefansson, Hannes"]
[Black "Arnalds, Stefan"]
[Result "1-0"]
[ECO "B45"]
[WhiteElo "2561"]
[BlackElo "1936"]
[Annotator "RC"]
[PlyCount "60"]
[EventDate "2019.05.25"]
[EventType "swiss"]
[EventCountry "ISL"]
[SourceTitle "playchess.com"]
[Source "ChessBase"]
[SourceQuality "1"]
[TimeControl "40/5400+30:1800+30"]

1. e4 c5 2. Nf3 e6 3. d4 cxd4 4. Nxd4 Nf6 5. Nc3 Nc6 6. Ndb5 Bb4 7. a3 Bxc3+ 8. Nxc3 d5 9. exd5 exd5 10. Bd3 d4 11. Qe2+ Be6 12. Ne4 Nxe4 13. Qxe4 Qd5 14. O-O Qxe4 15. Bxe4 O-O 16. Re1 Rac8 17. Bg5 f6 18. Bf4 g5 19. Bg3 Bf7 20. f4 gxf4 21. Bxf4 Bg6 22. Bd5+ Kg7 23. Be6 Bxc2 24. Bxc8 Rxc8 25. Re6 Bf5 26. Rd6 Rd8 27. Rxd8 Nxd8 28. Re1 Nc6 29. Kf2 d3 30. Ke3 Kf7 1-0

[Event "Icelandic Open 2019"]
[Site "Akureyri"]
[Date "2019.05.25"]
[Round "1.5"]
[White "Kjartansson, Gudmundur"]
[Black "Valtysson, Thor"]
[Result "1-0"]
[ECO "D94"]
[WhiteElo "2454"]
[BlackElo "1896"]
[Annotator "ChessBase"]
[PlyCount "47"]
[EventDate "2019.05.25"]
[EventType "swiss"]
[EventCountry "ISL"]
[SourceTitle "playchess.com"]
[Source "ChessBase"]
[SourceQuality "1"]
[TimeControl "40/5400+30:1800+30"]

1. c4 c6 2. d4 d5 3. Nc3 Nf6 4. e3 g6 5. Nf3 Bg7 6. Be2 O-O 7. O-O Bg4 8. h3 Bxf3 9. Bxf3 dxc4 10. b3 cxb3 11. Qxb3 Qb6 12. Rb1 Nbd7 13. Qa3 Qc7 14. Qxe7 Rfe8 15. Qa3 Bf8 16. Qb3 Rab8 17. e4 c5 18. Nb5 Qb6 19. Bf4 Rbc8 20. Qa4 Qa6 21. Qxa6 bxa6 22. Nc7 Red8 23. d5 Nb6 24. Nxa6 1-0

[Event "Icelandic Open 2019"]
[Site "Akureyri"]
[Date "2019.05.25"]
[Round "1.8"]
[White "Briem, Benedikt"]
[Black "Thorhallsson, Throstur"]
[Result "0-1"]
[ECO "D93"]
[WhiteElo "1811"]
[BlackElo "2435"]
[Annotator "ChessBase"]
[PlyCount "58"]
[EventDate "2019.05.25"]
[EventType "swiss"]
[EventCountry "ISL"]
[SourceTitle "playchess.com"]
[Source "ChessBase"]
[SourceQuality "1"]
[TimeControl "40/5400+30:1800+30"]

1. d4 d5 2. Bf4 Nf6 3. e3 g6 4. c4 Bg7 5. Nc3 c6 6. Be2 O-O 7. Nf3 dxc4 8. Bxc4 Nbd7 9. O-O b5 10. Bd3 Bb7 11. Rc1 a6 12. Ne4 Rc8 13. b4 Nd5 14. Qd2 a5 15. bxa5 Ra8 16. Bg5 h6 17. Bh4 Qxa5 18. Qxa5 Rxa5 19. Bb1 b4 20. Nfd2 Ra7 21. Nc4 Ba6 22. Rfd1 f5 23. Ned2 g5 24. Bg3 Bb5 25. Be5 Bxe5 26. dxe5 Nc3 27. Re1 Nxa2 28. Bxa2 Rxa2 29. Nb3 Bxc4 0-1

[Event "Icelandic Open 2019"]
[Site "Akureyri"]
[Date "2019.05.25"]
[Round "1.9"]
[White "Gretarsson, Helgi Ass"]
[Black "Eiriksson, Sigurdur"]
[Result "1-0"]
[ECO "E76"]
[WhiteElo "2433"]
[BlackElo "1811"]
[Annotator "RC"]
[PlyCount "71"]
[EventDate "2019.05.25"]
[EventType "swiss"]
[EventCountry "ISL"]
[SourceTitle "playchess.com"]
[Source "ChessBase"]
[SourceQuality "1"]
[TimeControl "40/5400+30:1800+30"]

1. d4 Nf6 2. c4 g6 3. Nc3 Bg7 4. e4 d6 5. f4 O-O 6. Nf3 a6 7. Bd3 c6 8. e5 Nfd7 9. Qe2 b5 10. e6 fxe6 11. h4 Nf6 12. h5 e5 13. hxg6 exd4 14. gxh7+ Kf7 15. Ng5+ Ke8 16. Bg6+ Kd7 17. Ne6 dxc3 18. Nxd8 Kxd8 19. Be3 Bg4 20. Qc2 cxb2 21. Rb1 Nbd7 22. Rxb2 Rc8 23. Qd2 Be6 24. cxb5 axb5 25. a4 Nd5 26. Bd4 N7f6 27. axb5 c5 28. f5 Bd7 29. Qa5+ Rc7 30. b6 Rb7 31. Qa6 Bc8 32. Bf2 Ne4 33. Qd3 Nxf2 34. Qxd5 Nxh1 35. Qg8 Bc3+ 36. Kd1 1-0

[Event "Icelandic Open 2019"]
[Site "Akureyri"]
[Date "2019.05.25"]
[Round "1.10"]
[White "Stefansson, Vignir Vatnar"]
[Black "Leosson, Atli Johann"]
[Result "1-0"]
[ECO "D35"]
[WhiteElo "2291"]
[BlackElo "1790"]
[Annotator "ChessBase"]
[PlyCount "25"]
[EventDate "2019.05.25"]
[EventType "swiss"]
[EventCountry "ISL"]
[SourceTitle "playchess.com"]
[Source "ChessBase"]
[SourceQuality "1"]
[TimeControl "40/5400+30:1800+30"]

1. d4 d5 2. c4 c6 3. Nc3 Nf6 4. cxd5 Nxd5 5. e4 Nxc3 6. bxc3 e6 7. Nf3 Nd7 8. Bd3 Be7 9. O-O c5 10. Bf4 O-O 11. d5 exd5 12. exd5 Nf6 13. d6 1-0

[Event "Icelandic Open 2019"]
[Site "Akureyri"]
[Date "2019.05.25"]
[Round "1.11"]
[White "Stefansson, Vignir Vatnar"]
[Black "Leosson, Atli Johann"]
[Result "*"]
[ECO "A45"]
[WhiteElo "2291"]
[BlackElo "1790"]
[Annotator "NA"]
[PlyCount "21"]
[EventDate "2019.05.25"]
[EventType "swiss"]
[EventCountry "ISL"]
[SourceTitle "playchess.com"]
[Source "ChessBase"]
[SourceQuality "1"]
[TimeControl "40/5400+30:1800+30"]

1. d4 Nf6 2. Bg5 e6 3. e4 h6 4. Bxf6 Qxf6 5. Nc3 Bb4 6. Qd2 b6 7. a3 Bxc3 8. Qxc3 Nc6 9. O-O-O Bb7 10. Nf3 O-O-O 11. Qe3 *

[Event "Icelandic Open 2019"]
[Site "Akureyri"]
[Date "2019.05.25"]
[Round "1.12"]
[White "Finnsson, Johann Arnar"]
[Black "Gislason, Gudmundur"]
[Result "0-1"]
[ECO "A36"]
[WhiteElo "1789"]
[BlackElo "2288"]
[Annotator "ChessBase"]
[PlyCount "62"]
[EventDate "2019.05.25"]
[EventType "swiss"]
[EventCountry "ISL"]
[SourceTitle "playchess.com"]
[Source "ChessBase"]
[SourceQuality "1"]
[TimeControl "40/5400+30:1800+30"]

1. c4 c5 2. g3 g6 3. Bg2 Bg7 4. e4 Nc6 5. Ne2 Rb8 6. Nbc3 a6 7. O-O b5 8. d3 h5 9. h4 d6 10. f4 Bg4 11. Qc2 Qc8 12. f5 gxf5 13. exf5 Nb4 14. Qd2 Be5 15. a3 Nc6 16. Qe1 Nf6 17. cxb5 axb5 18. Bf4 Rg8 19. Bxe5 dxe5 20. Qf2 Bxe2 21. Nxe2 Na5 22. Rac1 Nb3 23. Rc2 Ng4 24. Qf3 Kf8 25. Bh3 Qd8 26. Qe4 Qd6 27. Bxg4 Rxg4 28. Qe3 Nd4 29. Rd2 e4 30. dxe4 Nxe2+ 31. Qxe2 Qxg3+ 0-1

[Event "Icelandic Open 2019"]
[Site "Akureyri"]
[Date "2019.05.25"]
[Round "1.13"]
[White "Jonsson, Olafur Gisli"]
[Black "Karlsson, Mikael Johann"]
[Result "0-1"]
[ECO "E12"]
[WhiteElo "1771"]
[BlackElo "2146"]
[Annotator "NA"]
[PlyCount "68"]
[EventDate "2019.05.25"]
[EventType "swiss"]
[EventCountry "ISL"]
[SourceTitle "playchess.com"]
[Source "ChessBase"]
[SourceQuality "1"]
[TimeControl "40/5400+30:1800+30"]

1. d4 Nf6 2. Nf3 b6 3. c4 e6 4. a3 Bb7 5. Nc3 d6 6. Qc2 c5 7. e3 Nbd7 8. Be2 Be7 9. O-O O-O 10. Rd1 {[%emt 0:03:49] E12: Queen's Indian: Unusual White 4th moves, 4 a3, 4 Nc3 Bb7 5 a3 and 4 Nc3 Bb7} cxd4 11. Nxd4 a6 12. b3 $146 ({Predecessor:} 12. Bd2 Rc8 13. Rac1 Rc7 14. b3 Qa8 {1-0 (48) Jacobs,J-Brustkern,J (2250) Germany 1992}) 12... Rc8 13. Bb2 Qc7 14. Rac1 Rfd8 15. Bf3 Bf8 16. Ne4 e5 17. Nf5 Nxe4 18. Bxe4 Bxe4 19. Qxe4 g6 20. Qg4 Nc5 21. b4 Na4 22. Ba1 b5 23. c5 dxc5 24. f4 f6 25. fxe5 $11 fxe5 26. Qg5 Rxd1+ 27. Rxd1 Re8 28. Rd5 cxb4 29. Rxe5 Rxe5 30. Bxe5 Qc1+ 31. Kf2 Qc2+ 32. Kg3 Qxf5 33. Qxf5 gxf5 34. axb4 Kf7 0-1

[Event "Icelandic Open 2019"]
[Site "Akureyri"]
[Date "2019.05.25"]
[Round "1.14"]
[White "Thorhallsson, Simon"]
[Black "Halldorsson, Hjorleifur"]
[Result "1-0"]
[ECO "A01"]
[WhiteElo "2184"]
[BlackElo "1779"]
[Annotator "ChessBase"]
[PlyCount "55"]
[EventDate "2019.05.25"]
[EventType "swiss"]
[EventCountry "ISL"]
[SourceTitle "playchess.com"]
[Source "ChessBase"]
[SourceQuality "1"]
[TimeControl "40/5400+30:1800+30"]

1. b3 e5 2. Bb2 Nc6 3. e3 d5 4. Bb5 e4 5. d3 Bf5 6. Nc3 Nf6 7. dxe4 dxe4 8. Nge2 Be7 9. h3 Bd7 10. Ng3 a6 11. Be2 O-O 12. O-O Be6 13. Ncxe4 Nxe4 14. Nxe4 Qe8 15. c4 Rd8 16. Qc1 f5 17. Ng3 Bg5 18. Nh5 Bh6 19. Bf3 Rf7 20. Rd1 Rfd7 21. Rxd7 Rxd7 22. Nf4 Bxf4 23. exf4 Nd8 24. Qc3 Qf7 25. Re1 c6 26. g3 Re7 27. Qb4 Qe8 28. Bh5 1-0

[Event "Icelandic Open 2019"]
[Site "Akureyri"]
[Date "2019.05.25"]
[Round "1.15"]
[White "Ptacnikova, Lenka"]
[Black "Danielsson, Sigurdur"]
[Result "1-0"]
[ECO "A20"]
[WhiteElo "2145"]
[BlackElo "1727"]
[Annotator "NA"]
[PlyCount "59"]
[EventDate "2019.05.25"]
[EventType "swiss"]
[EventCountry "ISL"]
[SourceTitle "playchess.com"]
[Source "ChessBase"]
[SourceQuality "1"]
[TimeControl "40/5400+30:1800+30"]

1. c4 e5 2. g3 c6 3. d4 exd4 4. Qxd4 Nf6 5. Nf3 Bb4+ 6. Nc3 Bxc3+ 7. Qxc3 d5 8. cxd5 cxd5 9. Bg5 Nc6 10. Bg2 Be6 11. Bxf6 gxf6 12. O-O Rc8 13. Rfd1 Qe7 14. Nd4 h5 15. h4 Ne5 16. Qa5 b6 17. Qb5+ Qd7 18. Rac1 O-O 19. Qxd7 Nxd7 20. Bf3 Ne5 21. Bxh5 Rc4 22. b3 Rc5 23. f4 Bg4 24. fxe5 Bxh5 25. exf6 Re8 26. Kf2 Re4 27. Rb1 Bg4 28. Rd2 Rc3 29. Rbd1 Ree3 30. Ke1 1-0

[Event "Icelandic Open 2019"]
[Site "Akureyri"]
[Date "2019.05.26"]
[Round "2.2"]
[White "Hillarp Persson, Tiger"]
[Black "Thorhallsson, Simon"]
[Result "1-0"]
[ECO "A36"]
[WhiteElo "2563"]
[BlackElo "2184"]
[Annotator "ChessBase"]
[PlyCount "65"]
[EventDate "2019.05.25"]
[EventType "swiss"]
[EventCountry "ISL"]
[SourceTitle "playchess.com"]
[Source "ChessBase"]
[SourceQuality "1"]
[TimeControl "40/5400+30:1800+30"]

1. c4 c5 2. Nf3 Nc6 3. b3 d6 4. Bb2 e5 5. Nc3 g6 6. g3 Bg7 7. d3 Nge7 8. Bg2 O-O 9. O-O h6 10. Nd2 Be6 11. Nd5 Bxd5 12. cxd5 Nb4 13. e4 Nxd3 14. Bc3 Nb4 15. a3 Na6 16. b4 Qd7 17. Qb3 Rfc8 18. Rfc1 b5 19. Qb2 h5 20. f4 Qb7 21. Nf3 cxb4 22. axb4 Qb6+ 23. Kh1 Rxc3 24. Rxc3 exf4 25. gxf4 Bxc3 26. Qxc3 Rc8 27. Qf6 Nxb4 28. Ng5 Rf8 29. Qxe7 a5 30. Bh3 Qe3 31. Be6 Qxf4 32. Bxf7+ Rxf7 33. Qe8+ 1-0

[Event "Icelandic Open 2019"]
[Site "Akureyri"]
[Date "2019.05.26"]
[Round "2.3"]
[White "Bergsson, Stefan"]
[Black "Stefansson, Hannes"]
[Result "0-1"]
[ECO "D60"]
[WhiteElo "2124"]
[BlackElo "2561"]
[Annotator "ChessBase"]
[PlyCount "64"]
[EventDate "2019.05.25"]
[EventType "swiss"]
[EventCountry "ISL"]
[SourceTitle "playchess.com"]
[Source "ChessBase"]
[SourceQuality "1"]
[TimeControl "40/5400+30:1800+30"]

1. d4 Nf6 2. Nf3 b6 3. c4 Bb7 4. a3 e6 5. Nc3 d5 6. Bg5 Be7 7. e3 O-O 8. Bd3 dxc4 9. Bxc4 h6 10. Bh4 Nbd7 11. Rc1 c5 12. O-O Ne4 13. Bxe7 Qxe7 14. Qe2 Rad8 15. Rfd1 Nxc3 16. Rxc3 Bxf3 17. Qxf3 cxd4 18. exd4 Nf6 19. g3 Nd5 20. Rcc1 Rd7 21. Re1 Rfd8 22. Re5 Nf6 23. Rce1 Rxd4 24. Qb3 Qc7 25. Bf1 Rd2 26. h3 Qc2 27. Qf3 Qxb2 28. g4 R2d5 29. R5e2 Qd4 30. Bg2 Qa4 31. Kh2 Rd3 32. Re3 Qxa3 0-1

[Event "Icelandic Open 2019"]
[Site "Akureyri"]
[Date "2019.05.26"]
[Round "2.4"]
[White "Steingrimsson, Hedinn"]
[Black "Ptacnikova, Lenka"]
[Result "1-0"]
[ECO "D37"]
[WhiteElo "2549"]
[BlackElo "2145"]
[Annotator "ChessBase"]
[PlyCount "59"]
[EventDate "2019.05.25"]
[EventType "swiss"]
[EventCountry "ISL"]
[SourceTitle "playchess.com"]
[Source "ChessBase"]
[SourceQuality "1"]
[TimeControl "40/5400+30:1800+30"]

1. Nf3 Nf6 2. c4 e6 3. Nc3 d5 4. d4 Be7 5. Bf4 O-O 6. e3 c5 7. dxc5 Bxc5 8. a3 Nc6 9. Qc2 dxc4 10. Bxc4 Bd7 11. Rd1 Rc8 12. Ba2 Be7 13. h3 Qa5 14. e4 Nb4 15. axb4 Qxa2 16. O-O Qa6 17. Bg5 Bb5 18. e5 Bxf1 19. exf6 gxf6 20. Bh6 Bb5 21. Qe4 Kh8 22. Qh4 Rg8 23. Ne5 Rcf8 24. Ne4 Qa4 25. Rd4 Qa1+ 26. Kh2 Qe1 27. Bxf8 Rxf8 28. Ng4 Rg8 29. Ngxf6 Rg7 30. Qf4 1-0

[Event "Icelandic Open 2019"]
[Site "Akureyri"]
[Date "2019.05.26"]
[Round "2.5"]
[White "Kristjansson, Olafur"]
[Black "Kjartansson, Gudmundur"]
[Result "1-0"]
[ECO "C03"]
[WhiteElo "2069"]
[BlackElo "2454"]
[Annotator "ChessBase"]
[PlyCount "106"]
[EventDate "2019.05.25"]
[EventType "swiss"]
[EventCountry "ISL"]
[SourceTitle "playchess.com"]
[Source "ChessBase"]
[SourceQuality "1"]
[TimeControl "40/5400+30:1800+30"]

1. e4 e6 2. d4 d5 3. Nd2 Be7 4. Bd3 c5 5. dxc5 Nf6 6. exd5 Qxd5 7. Ngf3 Qxc5 8. O-O O-O 9. Qe2 Nbd7 10. Re1 b6 11. Ne4 Qc7 12. Bd2 Bb7 13. c4 Bxe4 14. Bxe4 Nxe4 15. Qxe4 Nc5 16. Bf4 Nxe4 17. Bxc7 f5 18. Be5 Rfd8 19. Red1 Rac8 20. b3 Bc5 21. Bd4 Bxd4 22. Nxd4 Nc3 23. Rdc1 Rxd4 24. Rxc3 Kf7 25. Rac1 Kf6 26. Kf1 e5 27. Ke2 Rcd8 28. R3c2 f4 29. Rb1 e4 30. Rbb2 Rd3 31. Rd2 Rxd2+ 32. Rxd2 Rxd2+ 33. Kxd2 Ke5 34. Kc3 g5 35. b4 h5 36. c5 bxc5 37. bxc5 h4 38. c6 Kd6 39. Kd4 e3 40. fxe3 fxe3 41. Kxe3 Kxc6 42. Kf3 h3 43. gxh3 Kd5 44. Kg4 Ke6 45. Kxg5 Kf7 46. Kf5 Kg7 47. Ke5 Kg6 48. Kd5 Kg5 49. Kc5 Kh4 50. Kb5 Kxh3 51. Ka6 Kxh2 52. Kxa7 Kg3 53. Kb7 Kf3 1-0

[Event "Icelandic Open 2019"]
[Site "Akureyri"]
[Date "2019.05.26"]
[Round "2.6"]
[White "Gunnarsson, Jon Viktor"]
[Black "Pinto, Mark"]
[Result "1-0"]
[ECO "B76"]
[WhiteElo "2452"]
[BlackElo "2082"]
[Annotator "ChessBase"]
[PlyCount "109"]
[EventDate "2019.05.25"]
[EventType "swiss"]
[EventCountry "ISL"]
[SourceTitle "playchess.com"]
[Source "ChessBase"]
[SourceQuality "1"]
[TimeControl "40/5400+30:1800+30"]

1. e4 c5 2. Nc3 Nc6 3. Nf3 g6 4. d4 cxd4 5. Nxd4 Bg7 6. Be3 d6 7. Qd2 Nf6 8. f3 Bd7 9. g4 Rc8 10. O-O-O Nxd4 11. Bxd4 O-O 12. Kb1 Be6 13. h4 a6 14. h5 b5 15. a3 Qc7 16. Qh2 Rfd8 17. hxg6 hxg6 18. Bd3 Qb7 19. Nd5 Bxd5 20. exd5 b4 21. axb4 Qxb4 22. c3 Qb7 23. c4 Rb8 24. f4 a5 25. g5 Nh5 26. Bxg7 Kxg7 27. f5 Rh8 28. Qd2 Qb4 29. fxg6 Qxd2 30. Rxd2 fxg6 31. Re1 Rb7 32. Rf2 Ng3 33. Ka2 Rh5 34. Rg1 Rh3 35. Rf3 Rh2 36. Rfxg3 Rhxb2+ 37. Ka1 R2b4 38. R3g2 Rb3 39. Rb1 Ra3+ 40. Ra2 Rxb1+ 41. Bxb1 Rg3 42. Rxa5 Rxg5 43. Kb2 Kf6 44. Ra8 Rg3 45. Bc2 g5 46. Bd1 Ke5 47. Kc2 Kd4 48. Be2 Ke5 49. Re8 Kf6 50. Kd2 Ra3 51. Bd3 Kf7 52. Rh8 Kg7 53. Rh7+ Kf6 54. Rh6+ Ke5 55. Ke3 1-0

[Event "Icelandic Open 2019"]
[Site "Akureyri"]
[Date "2019.05.26"]
[Round "2.7"]
[White "Dietzsch, Herbert"]
[Black "Thorfinnsson, Bragi"]
[Result "0-1"]
[ECO "C24"]
[WhiteElo "2059"]
[BlackElo "2451"]
[Annotator "RC"]
[PlyCount "60"]
[EventDate "2019.05.25"]
[EventType "swiss"]
[EventCountry "ISL"]
[SourceTitle "playchess.com"]
[Source "ChessBase"]
[SourceQuality "1"]
[TimeControl "40/5400+30:1800+30"]

1. e4 e5 2. Bc4 Nf6 3. d3 c6 4. Nf3 d5 5. Bb3 Bd6 6. Bg5 dxe4 7. dxe4 h6 8. Bxf6 Qxf6 9. Nbd2 Na6 10. Qe2 Nc5 11. O-O-O a5 12. a3 Nxb3+ 13. cxb3 a4 14. Nc4 Bc7 15. bxa4 Rxa4 16. Qc2 b5 17. Ne3 O-O 18. Rd3 Ra6 19. Rf1 Be6 20. Nd2 Bb6 21. Kd1 Bd4 22. Nb3 Ra4 23. Nc5 Bxc5 24. Qxc5 Rxe4 25. Rd6 Rxe3 26. Rxe6 Rd3+ 27. Ke2 Qxe6 28. Kxd3 Rd8+ 29. Ke3 Qg6 30. Qc3 Qxg2 0-1

[Event "Icelandic Open 2019"]
[Site "Akureyri"]
[Date "2019.05.26"]
[Round "2.8"]
[White "Thorhallsson, Throstur"]
[Black "Petursson, Gudni"]
[Result "1/2-1/2"]
[ECO "B13"]
[WhiteElo "2435"]
[BlackElo "2045"]
[Annotator "NA"]
[PlyCount "51"]
[EventDate "2019.05.25"]
[EventType "swiss"]
[EventCountry "ISL"]
[SourceTitle "playchess.com"]
[Source "ChessBase"]
[SourceQuality "1"]
[TimeControl "40/5400+30:1800+30"]

1. e4 c6 2. d4 d5 3. exd5 cxd5 4. Bd3 Nc6 5. c3 Nf6 6. h3 e6 7. Nf3 Bd6 {[%emt 0:01:01] B13: Caro-Kann: Exchange Variation and Panov-Botvinnik Attack} 8. Nbd2 (8. O-O O-O 9. Re1 Qc7 10. Qe2 b6 11. Ne5 Bb7 12. Nd2 Rfe8 13. f4 g6 14. g4 a6 15. h4 b5 16. a3 {½-½ (45) Giri,A (2775)-Riazantsev,A (2654) Geneva 2017}) 8... Qc7 9. O-O O-O 10. Re1 Bd7 11. Nf1 Rae8 12. Bd2 $146 ({Predecessor:} 12. Be3 a6 13. Rc1 e5 14. dxe5 Nxe5 15. Nxe5 Bxe5 {1-0 (26) Hoefliger,J (1588)-Saxer,B (1582) Luzern 1994}) 12... e5 13. dxe5 Nxe5 14. Nxe5 Bxe5 15. Be3 b6 16. Rc1 Bc6 17. Bb1 Qd7 18. Qc2 Re6 19. Rcd1 g6 20. Nd2 Rfe8 21. Nf3 Qb7 ({Black should play} 21... d4 $11 22. cxd4 (22. Nxd4 $2 Bxd4 23. Rxd4 Qb7 $17) (22. Nxe5 Rxe5 23. Rxd4 Qb7 $11) 22... Bxf3 23. dxe5 Bxd1 24. Rxd1 Nd5) 22. Nxe5 Rxe5 23. Rd4 $11 Ne4 24. Qd1 Nd6 25. Qg4 Nc4 26. Qg3 1/2-1/2

[Event "Icelandic Open 2019"]
[Site "Akureyri"]
[Date "2019.05.26"]
[Round "2.9"]
[White "Pupols, Viktors"]
[Black "Gretarsson, Helgi Ass"]
[Result "1/2-1/2"]
[ECO "A48"]
[WhiteElo "2023"]
[BlackElo "2433"]
[Annotator "NA"]
[PlyCount "100"]
[EventDate "2019.05.25"]
[EventType "swiss"]
[EventCountry "ISL"]
[SourceTitle "playchess.com"]
[Source "ChessBase"]
[SourceQuality "1"]
[TimeControl "40/5400+30:1800+30"]

1. d4 g6 2. Nf3 Bg7 3. c3 Nf6 4. g3 b6 5. Bg2 Bb7 6. O-O O-O 7. Nbd2 c5 8. e3 Qc7 9. b3 d6 10. Re1 Ne4 11. Nxe4 Bxe4 12. Nd2 Bxg2 13. Kxg2 Nc6 14. Bb2 Rfc8 15. Nf3 Qb7 16. Qe2 $15 cxd4 17. exd4 e6 18. Kg1 Ne7 19. c4 Rc7 20. Rad1 d5 21. Ne5 Nf5 22. Qf3 dxc4 23. Qxb7 Rxb7 24. bxc4 b5 25. c5 Bxe5 26. Rxe5 Ne7 27. Re2 a5 28. Bc1 Nd5 29. Rc2 Ra6 30. Bf4 Rc6 31. a3 Kf8 32. Bd2 Ra6 33. Rb1 Ke8 34. c6 Rc7 35. Rxb5 Rcxc6 36. Rxc6 Rxc6 37. Rxa5 Rc2 38. Bb4 Nxb4 39. axb4 Rc4 40. d5 exd5 41. Rxd5 Rxb4 42. Ra5 Ke7 43. Ra6 h5 44. h4 Re4 45. Kg2 Re5 46. Rb6 Rf5 47. Ra6 Rf6 48. Ra7+ Ke6 49. Ra6+ Ke7 50. Ra7+ Ke6 1/2-1/2

[Event "Icelandic Open 2019"]
[Site "Akureyri"]
[Date "2019.05.26"]
[Round "2.10"]
[White "Thorfinnsson, Bjorn"]
[Black "Jonsson, Gauti Pall"]
[Result "1-0"]
[ECO "A07"]
[WhiteElo "2389"]
[BlackElo "2033"]
[Annotator "NA"]
[PlyCount "65"]
[EventDate "2019.05.25"]
[EventType "swiss"]
[EventCountry "ISL"]
[SourceTitle "playchess.com"]
[Source "ChessBase"]
[SourceQuality "1"]
[TimeControl "40/5400+30:1800+30"]

1. Nf3 (1. d4 Nc6 2. c4 d5 3. cxd5 Qxd5 4. e3 e5 5. Nc3 Bb4 6. Bd2 Bxc3 7. Bxc3 exd4 8. Ne2 Bg4 9. f3 Bxf3 10. gxf3 Qxf3 {[%mdl 64] [#] Double Attack. D07: Queen's Gambit: Chigorin Defence} 11. Nxd4 ({White should try} 11. Bxd4 $16 {Rg1 is the strong threat.} Nf6 12. Ng3 Nxd4 13. exd4 Qe3+ 14. Qe2 Qxe2+ 15. Bxe2) 11... Qxh1 $11 12. Nxc6 Nf6 $1 ({Don't go for} 12... Qxc6 $2 13. Bxg7 Rd8 14. Qe2 $18) 13. Na5 {Black must now prevent Qa4+.} Qe4 $1 {[#]} ({Much weaker is} 13... Qxh2 $6 14. Qa4+ c6 15. O-O-O $16) {Predecessor:} 14. Qe2 $146 Qh4+ 15. Qf2 Qxf2+ 16. Kxf2 Ne4+ 17. Ke2 O-O-O 18. Bg2 {1-0 (38) Linna,A (2505)-Gather,J (2473) ICCF corr 1999}) 1... Nf6 2. g3 d5 3. Bg2 Bg4 4. c4 e6 5. Qb3 Nbd7 6. Qxb7 Bc5 7. Qb3 Rb8 8. Qc2 O-O 9. O-O Qe7 10. d3 c6 11. Nbd2 d4 12. b4 Bxf3 13. Bxf3 Bxb4 14. Bxc6 Bc3 15. Rb1 Ne5 16. Bg2 h5 17. Nb3 Ng6 18. Bb2 Bxb2 19. Rxb2 e5 20. Rfb1 h4 21. Nd2 Rxb2 22. Qxb2 Qe6 23. Qa3 Qg4 24. Bf3 Qg5 25. Qc1 Nf4 26. Kf1 hxg3 27. hxg3 N4h5 28. Ne4 Qf5 29. Kg2 g6 30. Qh6 Ng4 31. Bxg4 Qxg4 32. Rh1 f5 33. f3 1-0

[Event "Icelandic Open 2019"]
[Site "Akureyri"]
[Date "2019.05.26"]
[Round "2.11"]
[White "Ragnarsson, Johann"]
[Black "Stefansson, Vignir Vatnar"]
[Result "1/2-1/2"]
[ECO "D07"]
[WhiteElo "1968"]
[BlackElo "2291"]
[Annotator "NA"]
[PlyCount "64"]
[EventDate "2019.05.25"]
[EventType "swiss"]
[EventCountry "ISL"]
[SourceTitle "playchess.com"]
[Source "ChessBase"]
[SourceQuality "1"]
[TimeControl "40/5400+30:1800+30"]

1. d4 (1. Nf3 Nf6 2. g3 d5 3. Bg2 Bg4 4. c4 e6 (4... c6 5. Ne5 Be6 6. cxd5 Bxd5 7. Nf3 c5 8. Nc3 Bc6 9. O-O e6 10. Re1 Nbd7 11. e4 e5 12. d3 Be7 13. Nh4 O-O 14. Nf5 Re8 15. f4 Bf8 {1-0 (57) Shimanov,A (2620)-Motylev,A (2661) Saint Louis 2018}) 5. Qb3 Nbd7 6. Qxb7 {A07: Réti Opening: New York and Capablanca Systems} Bc5 $146 ({Predecessor:} 6... Bd6 7. O-O O-O 8. cxd5 Nc5 9. Qb5 exd5 10. d4 Rb8 11. Qa5 Nce4 12. a3 {½-½ (60) Paan,K (1729)-Petrov,D (2247) Tallinn 2015}) 7. Qb3 (7. cxd5 $16 Rb8 8. Qa6) 7... Rb8 $11 8. Qc2 O-O (8... Bxf3 $11 {remains equal.} 9. Bxf3 Ne5) 9. O-O) 1... Nc6 2. c4 d5 3. cxd5 Qxd5 4. e3 e5 5. Nc3 Bb4 6. Bd2 Bxc3 7. Bxc3 exd4 8. Ne2 Bg4 9. f3 Bxf3 10. gxf3 Qxf3 11. Nxd4 Qxh1 12. Nxc6 Nf6 13. Na5 Qe4 14. Qd4 O-O 15. O-O-O Rfe8 16. Bd3 Qxe3+ 17. Qxe3 Rxe3 18. Bxf6 gxf6 19. Nxb7 Rae8 20. Rd2 Rh3 21. Kd1 Re5 22. Bf1 Rh4 23. b3 Reh5 24. h3 Rf4 25. Bg2 Rhf5 26. Ke1 Re5+ 27. Kd1 Kg7 28. Nd8 Ref5 29. Ke1 Rc5 30. Kd1 Rc3 31. Nc6 a6 32. Ne7 Rc5 1/2-1/2

[Event "Icelandic Open 2019"]
[Site "Akureyri"]
[Date "2019.05.26"]
[Round "2.13"]
[White "Jonsson, Stefan G"]
[Black "Stefansson, Benedikt"]
[Result "1-0"]
[ECO "C06"]
[WhiteElo "1568"]
[BlackElo "1423"]
[Annotator "NA"]
[PlyCount "117"]
[EventDate "2019.05.25"]
[EventType "swiss"]
[EventCountry "ISL"]
[SourceTitle "playchess.com"]
[Source "ChessBase"]
[SourceQuality "1"]
[TimeControl "40/5400+30:1800+30"]

1. e4 e6 2. d4 d5 3. Nd2 c5 4. Ngf3 Nf6 5. e5 Nfd7 6. c3 Nc6 7. Bd3 Qb6 8. Qa4 cxd4 9. cxd4 Qb4 10. Qxb4 Nxb4 11. Bb1 f6 12. O-O fxe5 13. Nxe5 Nxe5 14. dxe5 Bc5 15. a3 Nc6 16. Nf3 O-O 17. Re1 Nd4 18. Nxd4 Bxd4 19. Re2 Bd7 20. Bd3 Rf7 21. Kf1 Ba4 22. Bg5 Raf8 23. f3 h6 24. Bh4 g5 25. Bf2 Bxf2 26. Rxf2 g4 27. Ke2 gxf3+ 28. gxf3 Rc8 29. Rg1+ Rg7 30. Rxg7+ Kxg7 31. Rg2+ Kf8 32. Rg6 Kf7 33. Rxh6 Rg8 34. Kf2 Rg5 35. f4 Rg4 36. Rf6+ Ke7 37. h3 Rg7 38. Rh6 Bd1 39. Rh8 Ba4 40. Be2 Be8 41. h4 d4 42. Bd3 Rf7 43. Rh7 Rxh7 44. Bxh7 Bh5 45. Bd3 b6 46. Ke1 Bf3 47. Kd2 Bd5 48. Kc2 Kf7 49. h5 Kg7 50. Be2 Be4+ 51. Kb3 d3 52. Bd1 Kf7 53. Kc3 Ke7 54. Bg4 Kf7 55. Kd4 Bh7 56. b4 Ke7 57. Ke3 a6 58. Bh3 Kf7 59. Bf1 1-0